[ PARTIDA AOE2 · #469552782 ]
UnrankedEtíopes vs None
Equipo rival · DERR
[ ANÁLISIS DE REPETICIÓN · EXTRAÍDO DE LA PARTIDA GRABADA ]
Feudal
8:25
Castillos
25:51
Imperial
—
| APM promedio | 76.0 |
| APM pico | 119 |
| eAPM promedio | 31.3 |
| Aldeanos / militares | 54 / 60 |
Foco
⚔️ 22.2% · 🌾 77.8%
Archer ×53 · Scout Cavalry ×5 · Mangonel ×2
Feudal
8:24
Castillos
29:53
Imperial
—
| APM promedio | 44.3 |
| APM pico | 77 |
| eAPM promedio | 18.2 |
| Aldeanos / militares | 62 / 56 |
Foco
⚔️ 37.1% · 🌾 62.9%
Archer ×32 · Skirmisher ×22 · Militia ×2
Mapa de la partida
Recursos iniciales + cada clic de construcción. Líneas = muros · curvas = relieve. ◆ oro · ⬟ piedra · ● bayas · ✦ reliquia · ◌ hueco del cierre
Tu base· Abierta — hueco de 2t
Base de Goatmeister· Abierta — flanco sin cerrar
Terreno inicial suavizado · ◌ = hueco del cierre detectado · pasá el cursor para detalles
Inputs por minuto
— Hana - - Goatmeister
Build order — Hana
Primeras 150 de 189 acciones detectadas
| 0:00 | Crear | Villager (Male) |
| 0:00 | Crear | Villager (Male) |
| 0:01 | Construir | House |
| 0:02 | Construir | House |
| 0:29 | Crear | Villager (Male) |
| 0:30 | Crear | Villager (Male) |
| 1:28 | Crear | Villager (Male) |
| 1:41 | Construir | Mill |
| 2:00 | Crear | Villager (Male) |
| 2:03 | Crear | Villager (Male) |
| 2:34 | Crear | Villager (Male) |
| 3:07 | Crear | Villager (Male) |
| 3:15 | Crear | Villager (Male) |
| 3:23 | Crear | Villager (Male) |
| 3:42 | Crear | Villager (Male) |
| 3:50 | Construir | House |
| 4:39 | Crear | Villager (Male) |
| 4:59 | Construir | Lumber Camp |
| 5:18 | Crear | Villager (Male) |
| 5:46 | Investigar | Loom |
| 6:10 | Investigar | Feudal Age |
| 6:17 | Construir | House |
| 6:52 | Construir | Palisade Wall |
| 6:55 | Construir | Palisade Wall |
| 7:00 | Construir | Building 796 |
| 7:03 | Construir | Palisade Wall |
| 7:07 | Crear | Villager (Male) |
| 7:36 | Construir | Barracks |
| 7:40 | Construir | Barracks |
| 8:25 | Edad | Edad Feudal |
| 8:28 | Construir | Mill |
| 8:31 | Construir | Archery Range |
| 8:32 | Construir | Palisade Wall |
| 8:41 | Construir | Archery Range |
| 8:51 | Crear | Villager (Male) |
| 9:02 | Construir | Mining Camp |
| 9:18 | Crear | Villager (Male) |
| 9:27 | Crear | Archer |
| 9:39 | Construir | House |
| 9:41 | Construir | Blacksmith |
| 9:42 | Crear | Archer |
| 9:44 | Crear | Villager (Male) |
| 10:11 | Crear | Villager (Male) |
| 10:15 | Construir | House |
| 10:17 | Crear | Villager (Male) |
| 10:43 | Investigar | Fletching |
| 10:44 | Crear | Archer |
| 11:02 | Construir | Stable |
| 11:11 | Crear | Archer |
| 11:18 | Crear | Villager (Male) |
| 11:53 | Crear | Archer |
| 12:03 | Crear | Villager (Male) |
| 12:07 | Construir | Mill |
| 12:08 | Crear | Villager (Male) |
| 12:19 | Construir | House |
| 12:27 | Crear | Archer |
| 12:49 | Crear | Archer |
| 12:53 | Crear | Villager (Male) |
| 12:55 | Crear | Archer |
| 13:00 | Crear | Scout Cavalry |
| 13:02 | Construir | Farm |
| 13:35 | Construir | Farm |
| 13:52 | Crear | Scout Cavalry |
| 13:59 | Crear | Archer |
| 14:09 | Construir | Farm |
| 14:10 | Construir | Farm |
| 14:17 | Crear | Archer |
| 14:31 | Construir | House |
| 14:31 | Crear | Villager (Male) |
| 14:43 | Crear | Villager (Male) |
| 15:01 | Crear | Villager (Male) |
| 15:03 | Crear | Villager (Male) |
| 15:06 | Crear | Villager (Male) |
| 15:07 | Crear | Villager (Male) |
| 15:09 | Construir | Farm |
| 15:10 | Construir | Farm |
| 15:27 | Construir | Archery Range |
| 15:54 | Crear | Scout Cavalry |
| 16:00 | Construir | Farm |
| 16:01 | Construir | Farm |
| 16:01 | Crear | Villager (Male) |
| 16:09 | Crear | Archer |
| 16:09 | Crear | Archer |
| 16:13 | Construir | House |
| 16:20 | Crear | Archer |
| 16:44 | Crear | Archer |
| 16:46 | Construir | Building 796 |
| 17:06 | Crear | Archer |
| 17:09 | Construir | Farm |
| 17:13 | Crear | Villager (Male) |
| 17:34 | Crear | Archer |
| 17:35 | Crear | Villager (Male) |
| 17:37 | Crear | Archer |
| 17:56 | Construir | House |
| 17:57 | Crear | Villager (Male) |
| 18:02 | Crear | Archer |
| 18:14 | Construir | Mining Camp |
| 18:17 | Crear | Archer |
| 18:19 | Crear | Villager (Male) |
| 18:20 | Crear | Villager (Male) |
| 18:32 | Crear | Archer |
| 18:41 | Construir | Farm |
| 18:44 | Crear | Villager (Male) |
| 18:50 | Crear | Villager (Male) |
| 19:01 | Crear | Villager (Male) |
| 19:05 | Construir | House |
| 19:20 | Investigar | Padded Archer Armor |
| 19:20 | Investigar | Padded Archer Armor |
| 19:23 | Crear | Scout Cavalry |
| 19:32 | Crear | Archer |
| 19:47 | Crear | Scout Cavalry |
| 19:48 | Crear | Archer |
| 19:56 | Crear | Archer |
| 19:56 | Crear | Archer |
| 19:57 | Crear | Villager (Male) |
| 20:27 | Crear | Villager (Male) |
| 20:43 | Construir | House |
| 20:49 | Crear | Archer |
| 20:49 | Crear | Archer |
| 21:09 | Crear | Villager (Male) |
| 21:12 | Construir | Market |
| 21:19 | Crear | Villager (Male) |
| 21:31 | Crear | Archer |
| 21:36 | Construir | Mining Camp |
| 22:01 | Crear | Archer |
| 22:02 | Crear | Archer |
| 22:09 | Crear | Villager (Male) |
| 23:07 | Construir | Lumber Camp |
| 23:11 | Investigar | Castle Age |
| 23:32 | Crear | Archer |
| 23:32 | Crear | Archer |
| 23:55 | Crear | Archer |
| 24:21 | Crear | Archer |
| 24:41 | Crear | Archer |
| 24:47 | Crear | Villager (Male) |
| 24:49 | Construir | Farm |
| 24:49 | Construir | Farm |
| 24:50 | Construir | Farm |
| 24:56 | Construir | Farm |
| 25:02 | Construir | Farm |
| 25:03 | Crear | Villager (Male) |
| 25:10 | Crear | Archer |
| 25:30 | Crear | Archer |
| 25:31 | Crear | Archer |
| 25:46 | Investigar | Double-Bit Axe |
| 25:46 | Investigar | Gold Mining |
| 25:46 | Investigar | Gold Mining |
| 25:51 | Edad | Edad de los Castillos |
| 25:54 | Investigar | Double-Bit Axe |
| 25:54 | Investigar | Bodkin Arrow |
Build order — Goatmeister
Primeras 150 de 192 acciones detectadas
| 0:00 | Crear | Villager (Male) |
| 0:01 | Construir | House |
| 0:02 | Construir | House |
| 0:14 | Crear | Villager (Male) ×3 |
| 1:36 | Crear | Villager (Male) |
| 1:36 | Crear | Villager (Male) |
| 1:57 | Crear | Villager (Male) |
| 1:59 | Construir | Lumber Camp |
| 2:20 | Crear | Villager (Male) |
| 2:50 | Crear | Villager (Male) |
| 3:11 | Crear | Villager (Male) |
| 3:35 | Crear | Villager (Male) |
| 3:42 | Construir | House |
| 4:01 | Crear | Villager (Male) |
| 4:02 | Crear | Villager (Male) |
| 4:31 | Crear | Villager (Male) |
| 4:37 | Construir | Mill |
| 4:52 | Crear | Villager (Male) |
| 5:46 | Crear | Villager (Male) |
| 5:52 | Construir | House |
| 6:04 | Crear | Villager (Male) |
| 6:14 | Investigar | Loom |
| 7:06 | Investigar | Feudal Age |
| 7:20 | Construir | Barracks |
| 7:46 | Crear | Villager (Male) |
| 8:05 | Crear | Militia |
| 8:05 | Crear | Militia |
| 8:24 | Edad | Edad Feudal |
| 8:41 | Construir | House |
| 8:53 | Crear | Villager (Male) |
| 9:03 | Construir | Archery Range |
| 9:11 | Crear | Villager (Male) |
| 9:17 | Construir | Mining Camp |
| 9:27 | Crear | Villager (Male) |
| 9:49 | Crear | Skirmisher |
| 9:59 | Construir | Watch Tower |
| 10:04 | Crear | Villager (Male) |
| 10:10 | Construir | House |
| 10:14 | Construir | House |
| 10:16 | Construir | Palisade Wall |
| 10:17 | Construir | Palisade Wall |
| 10:17 | Construir | Palisade Wall |
| 10:18 | Crear | Archer |
| 10:24 | Crear | Villager (Male) |
| 10:52 | Crear | Villager (Male) |
| 10:58 | Construir | Mill |
| 11:07 | Crear | Archer |
| 11:20 | Crear | Villager (Male) |
| 11:40 | Crear | Villager (Male) |
| 11:56 | Construir | Blacksmith |
| 12:01 | Crear | Archer |
| 12:08 | Crear | Villager (Male) |
| 12:25 | Crear | Villager (Male) |
| 12:35 | Crear | Archer |
| 12:57 | Crear | Villager (Male) |
| 12:58 | Crear | Skirmisher |
| 12:59 | Investigar | Padded Archer Armor |
| 13:15 | Construir | Archery Range |
| 13:17 | Crear | Villager (Male) |
| 13:25 | Investigar | Fletching |
| 13:39 | Crear | Villager (Male) |
| 13:43 | Construir | House |
| 14:04 | Crear | Archer |
| 14:05 | Crear | Villager (Male) |
| 14:09 | Construir | Farm |
| 14:10 | Construir | Farm |
| 14:31 | Crear | Villager (Male) |
| 14:41 | Construir | Watch Tower |
| 14:45 | Crear | Villager (Male) |
| 14:56 | Crear | Archer |
| 15:34 | Crear | Villager (Male) |
| 15:34 | Crear | Villager (Male) |
| 15:52 | Crear | Villager (Male) |
| 16:25 | Crear | Villager (Male) |
| 16:26 | Crear | Archer |
| 16:26 | Crear | Archer |
| 16:52 | Crear | Villager (Male) |
| 17:03 | Construir | Lumber Camp |
| 17:11 | Crear | Archer |
| 17:11 | Crear | Archer |
| 17:42 | Crear | Villager (Male) |
| 17:45 | Construir | House |
| 17:59 | Construir | Mining Camp |
| 18:08 | Crear | Skirmisher |
| 18:08 | Crear | Skirmisher |
| 18:15 | Crear | Villager (Male) |
| 18:25 | Crear | Archer |
| 18:25 | Crear | Archer |
| 18:35 | Crear | Villager (Male) |
| 18:37 | Construir | Farm |
| 18:41 | Construir | Farm |
| 18:47 | Crear | Archer |
| 18:49 | Construir | House |
| 18:57 | Construir | House |
| 19:04 | Construir | Watch Tower |
| 19:08 | Crear | Archer |
| 19:08 | Crear | Villager (Male) |
| 19:09 | Crear | Archer |
| 19:46 | Crear | Archer |
| 19:54 | Crear | Villager (Male) |
| 20:02 | Crear | Archer |
| 20:02 | Crear | Archer |
| 20:08 | Construir | Watch Tower |
| 20:12 | Construir | Farm |
| 20:14 | Construir | Farm |
| 20:16 | Construir | Farm |
| 20:16 | Construir | Farm |
| 20:16 | Construir | Farm |
| 20:23 | Crear | Villager (Male) |
| 20:43 | Crear | Archer |
| 20:50 | Construir | House |
| 20:57 | Crear | Archer |
| 20:57 | Crear | Archer |
| 20:59 | Construir | Farm |
| 21:13 | Crear | Archer |
| 21:13 | Crear | Archer |
| 21:24 | Construir | House |
| 21:28 | Crear | Villager (Male) |
| 21:38 | Construir | Farm |
| 21:39 | Crear | Villager (Male) |
| 21:55 | Crear | Villager (Male) |
| 22:05 | Construir | Farm |
| 22:06 | Construir | Farm |
| 22:07 | Construir | Farm |
| 22:12 | Investigar | Double-Bit Axe |
| 22:21 | Crear | Archer |
| 22:37 | Construir | Farm |
| 22:38 | Crear | Villager (Male) |
| 22:53 | Crear | Skirmisher |
| 22:53 | Crear | Skirmisher |
| 23:00 | Construir | Farm |
| 23:00 | Construir | Farm |
| 23:12 | Construir | Watch Tower |
| 23:13 | Crear | Villager (Male) |
| 23:16 | Crear | Archer |
| 23:16 | Crear | Archer |
| 23:28 | Crear | Villager (Male) |
| 23:43 | Construir | Mill |
| 23:47 | Investigar | Horse Collar |
| 23:53 | Crear | Archer |
| 24:09 | Crear | Villager (Male) |
| 24:09 | Crear | Villager (Male) |
| 24:32 | Crear | Archer |
| 24:33 | Crear | Archer |
| 24:47 | Crear | Villager (Male) |
| 24:47 | Crear | Villager (Male) |
| 24:49 | Crear | Archer |
| 24:51 | Construir | House |
| 24:52 | Construir | House |
| 24:55 | Construir | House |
Cronología de la partida
| 6:52 | Hana · wall_segment Palisade Wall x1 |
| 6:55 | Hana · wall_segment Palisade Wall x1 |
| 7:03 | Hana · wall_segment Palisade Wall x1 |
| 7:20 | Goatmeister · first_building Barracks |
| 7:36 | Hana · first_building Barracks |
| 8:24 | Goatmeister · age_up feudal |
| 8:25 | Hana · age_up feudal |
| 8:31 | Hana · first_building Archery Range |
| 8:32 | Hana · wall_segment Palisade Wall x1 |
| 9:03 | Goatmeister · first_building Archery Range |
| 10:16 | Goatmeister · wall_segment Palisade Wall x1 |
| 10:17 | Goatmeister · wall_segment Palisade Wall x1 |
| 10:17 | Goatmeister · wall_segment Palisade Wall x1 |
| 11:02 | Hana · first_building Stable |
| 22:23 | Hana · first_market_sell 100 stone |
| 22:25 | Hana · first_market_buy 100 food |
| 24:57 | Goatmeister · wall_segment Palisade Wall x1 |
| 24:58 | Goatmeister · wall_segment Palisade Wall x1 |
| 25:51 | Hana · age_up castle |
| 26:20 | Hana · first_building Siege Workshop |
| 29:40 | Goatmeister · first_building Stable |
| 29:45 | Hana · first_building Castle |
| 29:53 | Goatmeister · age_up castle |
| 30:07 | Goatmeister · first_market_sell 100 wood |
| 30:50 | Goatmeister · resign |
[ ANÁLISIS IA · 1 CRÉDITO ]
¿Qué pasó realmente en esta partida?
Wolo.gg analiza cada decisión: build order, eco, micro, errores típicos por bracket. Análisis personalizado por WhatsApp o Discord en 30 segundos.
Guía civ
Etíopes
Perfil
Jugador #271308